Map: Lost and Found LE

Players

JonSnow - Winner!

  • Race: Zerg Zerg
  • Spawn Location: 1:00

Isaac

  • Race: Zerg Zerg
  • Spawn Location: 7:00

Event: WCS Austin 2018

VOD

Have the link to the VOD?

Description

Time

  • Played on: June 1, 2018, 2:33 p.m.
  • Length: 4:07

All games in this series

Show
View Real Time Build Order
Export as new Build Order

JonSnow Zerg - Winner!

Build Orders: Hatch First 

Get SALT Encoding   

  12  0:01  Drone  
  13  0:18  Overlord  
  13  0:19  Drone  
  14  0:36  Drone x2  
  16  0:48  Hatchery  
  15  0:52  Drone  
  15  0:56  Drone  
  17  1:01  Extractor  
  17  1:02  Drone  
  17  1:15  Spawning Pool  
  17  1:18  Drone  
  17  1:24  Drone  
  18  1:34  Drone  
  19  1:54  Overlord  
  19  2:02  Queen x2, Metabolic Boost  
  19  2:04  Zergling x2  
  19  2:08  Zergling x2  
  25  2:11  Drone  
  25  2:13  Drone  
  27  2:19  Drone  
  28  2:25  Drone  
  28  2:29  Drone  
  30  2:36  Baneling Nest  
  29  2:48  Hatchery  
  29  2:51  Drone  
  29  2:55  Overlord  
  29  2:57  Drone  
  30  2:59  Drone  
  31  3:10  Overlord  
  31  3:13  Zergling x6  
  31  3:16  Zergling x2  
  31  3:17  Zergling x2  
  36  3:21  Zergling x4  
  36  3:26  Baneling x2  
  38  3:27  Zergling x2  
  38  3:28  Zergling x2  
  40  3:35  Zergling x4  
  40  3:38  Baneling  
  40  3:39  Baneling  
  40  3:40  Zergling x4  
  44  3:47  Drone x3  
Show
View Real Time Build Order
Export as new Build Order

Isaac Zerg 

Build Orders: Hatch First 

Get SALT Encoding   

  12  0:05  Drone  
  13  0:13  Overlord  
  13  0:22  Drone  
  14  0:31  Drone  
  14  0:32  Drone  
  16  0:43  Drone  
  17  0:53  Hatchery  
  17  0:56  Drone  
  17  0:59  Drone  
  18  1:18  Extractor  
  18  1:19  Drone  
  18  1:20  Spawning Pool  
  18  1:21  Drone  
  18  1:31  Overlord  
  18  2:00  Overlord  
  18  2:06  Queen  
  18  2:07  Queen  
  18  2:08  Zergling x4  
  24  2:10  Drone  
  25  2:30  Drone x2  
  25  2:36  Drone x2  
  29  2:39  Hatchery  
  28  2:53  Drone x3  
  28  2:55  Overlord  
  32  3:12  Zergling x2  
  32  3:13  Zergling x6  
  32  3:17  Zergling x2  
  32  3:18  Zergling x4  
  38  3:21  Zergling x2  
  38  3:22  Zergling x2  
  40  3:27  Zergling x4  
  40  3:29  Zergling x2  
  43  3:46  Roach Warren  
  43  3:47  Extractor  
Tags
 
Add a new tag
Caveats
  • Supply blocks, unpowered buildings, or Contaminate may cause inaccurate times.
  • Supply counts are checked every 10 seconds.